[Event "45th FIDE Womens Olympiad 2024"]
[Site "Budapest"]
[Date "2024.09.13"]
[Round "3.163"]
[White "Mekarapiruk, Nathasha"]
[Black "Mirza, Diana"]
[Result "1-0"]
[ECO "B43"]
[WhiteElo "1728"]
[BlackElo "1962"]
[Annotator "NA RC"]
[PlyCount "79"]
[EventDate "2024.09.05"]
[EventType "team-tourn"]
[EventCountry "HUN"]
[SourceTitle "playchess.com"]
[Source "ChessBase"]
[SourceQuality "1"]
[WhiteTeam "Thailand"]
[BlackTeam "Ireland"]
[WhiteTeamCountry "THA"]
[BlackTeamCountry "IRL"]
[TimeControl "40/5400+30:1800+30"]

1. e4 c5 2. Nf3 e6 3. d4 cxd4 4. Nxd4 a6 5. Nc3 Qc7 6. Bd3 Nf6 7. O-O Bc5 8. Nb3 Be7 9. f4 d6 10. Qf3 Nc6 11. Bd2 O-O 12. Rae1 Nb4 13. e5 Nxd3 14. cxd3 dxe5 15. fxe5 Nd7 16. d4 Nb6 17. Qh5 g6 18. Qh6 Nd5 19. Rf3 f5 20. Rh3 Rf7 21. Nxd5 exd5 22. e6 Rg7 23. Bf4 Qd8 24. Be5 Bf6 25. Rhe3 Bxe5 26. Rxe5 Re7 27. Nd2 Qb6 28. Qe3 Qxb2 29. a3 Qb6 30. Nf3 Qd6 31. Ng5 b5 32. Nf7 Qb6 33. Nh6+ Kg7 34. Nxf5+ gxf5 35. Qg5+ Kh8 36. Qxe7 Qxd4+ 37. Kh1 h6 38. Qf8+ Kh7 39. Qf7+ Kh8 40. e7 1-0

[Event "45th FIDE Womens Olympiad 2024"]
[Site "Budapest"]
[Date "2024.09.13"]
[Round "3.164"]
[White "Gora, Antonina"]
[Black "Tawankanjana, Sasinat"]
[Result "1-0"]
[ECO "C55"]
[WhiteElo "1943"]
[BlackElo "1612"]
[Annotator "NA RC"]
[PlyCount "81"]
[EventDate "2024.09.05"]
[EventType "team-tourn"]
[EventCountry "HUN"]
[SourceTitle "playchess.com"]
[Source "ChessBase"]
[SourceQuality "1"]
[WhiteTeam "Ireland"]
[BlackTeam "Thailand"]
[WhiteTeamCountry "IRL"]
[BlackTeamCountry "THA"]
[TimeControl "40/5400+30:1800+30"]

1. e4 e5 2. Nf3 Nc6 3. Bc4 Nf6 4. d3 Be7 5. c3 d6 6. Nbd2 a6 7. Bb3 O-O 8. O-O Be6 9. Re1 Bxb3 10. Qxb3 Na5 11. Qc2 c5 12. Nf1 Nc6 13. Ng3 Re8 14. Nf5 Bf8 15. h3 h6 16. a4 Kh7 17. Qb3 Qd7 18. Ne3 Na5 19. Qa2 Kg8 20. Bd2 Nc6 21. Nh4 Kh7 22. Nc4 Qd8 23. a5 g6 24. Nb6 Qc7 25. Nxa8 Rxa8 26. Nf3 Rc8 27. b4 cxb4 28. cxb4 Kg7 29. Rac1 Qd7 30. Qb2 Na7 31. d4 Rxc1 32. Qxc1 exd4 33. Bxh6+ Kg8 34. Bxf8 Kxf8 35. Nxd4 Kg7 36. Nf5+ gxf5 37. Qg5+ Kh7 38. Qxf6 Qe6 39. Qh4+ Kg6 40. Re3 f6 41. Rg3+ 1-0

[Event "45th FIDE Womens Olympiad 2024"]
[Site "Budapest"]
[Date "2024.09.13"]
[Round "3.165"]
[White "Partac, Elena"]
[Black "Miladi, Amen"]
[Result "1-0"]
[ECO "B42"]
[WhiteElo "2078"]
[BlackElo "1851"]
[Annotator "NA RC"]
[PlyCount "77"]
[EventDate "2024.09.05"]
[EventType "team-tourn"]
[EventCountry "HUN"]
[SourceTitle "playchess.com"]
[Source "ChessBase"]
[SourceQuality "1"]
[WhiteTeam "Moldova"]
[BlackTeam "Tunisia"]
[WhiteTeamCountry "MDA"]
[BlackTeamCountry "TUN"]
[TimeControl "40/5400+30:1800+30"]

1. e4 c5 2. Nf3 e6 3. d4 cxd4 4. Nxd4 a6 5. Bd3 Nf6 6. O-O Qc7 7. Qe2 d6 8. c4 Be7 9. Nc3 O-O 10. Be3 Nc6 11. f4 Rd8 12. Rac1 Bd7 13. Nb3 Rac8 14. Na4 Qb8 15. Nb6 Rc7 16. g4 d5 17. e5 dxc4 18. Bxc4 Ne8 19. a3 Na7 20. Nxd7 Rdxd7 21. f5 Rc6 22. fxe6 fxe6 23. Qf2 h6 24. Bxe6+ Rxe6 25. Qf7+ Kh7 26. Qxe6 Qd8 27. Bxa7 Rd3 28. Bb6 Qd5 29. Qxd5 Rxd5 30. Bc5 Bg5 31. Rce1 Rd3 32. Na5 b5 33. Rd1 Rxd1 34. Rxd1 Nc7 35. Nb7 Ne6 36. Bb6 Bf4 37. Nd8 Nxd8 38. Rxd8 Bxe5 39. Bd4 1-0

[Event "45th FIDE Womens Olympiad 2024"]
[Site "Budapest"]
[Date "2024.09.13"]
[Round "3.166"]
[White "Mefteh, Meyssem"]
[Black "Verbin, Valentina"]
[Result "1/2-1/2"]
[ECO "E12"]
[WhiteElo "1834"]
[BlackElo "2071"]
[Annotator "NA RC"]
[PlyCount "100"]
[EventDate "2024.09.05"]
[EventType "team-tourn"]
[EventCountry "HUN"]
[SourceTitle "playchess.com"]
[Source "ChessBase"]
[SourceQuality "1"]
[WhiteTeam "Tunisia"]
[BlackTeam "Moldova"]
[WhiteTeamCountry "TUN"]
[BlackTeamCountry "MDA"]
[TimeControl "40/5400+30:1800+30"]

1. d4 Nf6 2. c4 e6 3. Nf3 b6 4. a3 Bb7 5. Nc3 d5 6. Bg5 Be7 7. Bxf6 Bxf6 8. cxd5 exd5 9. Qb3 O-O 10. e3 c6 11. Bd3 Na6 12. Qc2 h6 13. O-O Nc7 14. Na4 Ne6 15. Rac1 Rc8 16. Rfd1 Qe7 17. b4 Rc7 18. Nd2 Rfc8 19. Nb3 Qe8 20. Nd2 Be7 21. Qb3 Rb8 22. Rc3 Rcc8 23. Qc2 c5 24. bxc5 Bc6 25. Nb2 bxc5 26. dxc5 Bf6 27. Rb3 Nxc5 28. Rxb8 Rxb8 29. Qxc5 Bxb2 30. Rb1 a5 31. Qxa5 Ra8 32. Qc5 Bxa3 33. Qc3 Be7 34. Qe5 Qd8 35. Nf3 Bf6 36. Qf5 g6 37. Qg4 Ra4 38. Qg3 Kg7 39. Rd1 Qe7 40. Bc2 Rc4 41. Bb3 Rb4 42. Ba2 h5 43. Nd4 Bxd4 44. exd4 Ba4 45. Ra1 Rxd4 46. h3 Qf6 47. Bxd5 Rxd5 48. Rxa4 Rg5 49. Qe3 Re5 50. Re4 Rxe4 1/2-1/2

[Event "45th FIDE Womens Olympiad 2024"]
[Site "Budapest"]
[Date "2024.09.13"]
[Round "3.167"]
[White "Mihailova, Alina"]
[Black "Gamha, Yasmine"]
[Result "1-0"]
[ECO "E04"]
[WhiteElo "1969"]
[BlackElo "1679"]
[Annotator "NA RC"]
[PlyCount "73"]
[EventDate "2024.09.05"]
[EventType "team-tourn"]
[EventCountry "HUN"]
[SourceTitle "playchess.com"]
[Source "ChessBase"]
[SourceQuality "1"]
[WhiteTeam "Moldova"]
[BlackTeam "Tunisia"]
[WhiteTeamCountry "MDA"]
[BlackTeamCountry "TUN"]
[TimeControl "40/5400+30:1800+30"]

1. d4 Nf6 2. c4 e6 3. g3 d5 4. Nf3 dxc4 5. Bg2 Bb4+ 6. Bd2 a5 7. Qc2 Bxd2+ 8. Nbxd2 b5 9. a4 c6 10. O-O Bb7 11. Rfd1 O-O 12. e4 Na6 13. e5 Nd5 14. Ne4 Nab4 15. Qd2 Rb8 16. Nc5 Ba8 17. Ng5 Qe7 18. Nge4 Rfd8 19. Ra3 Nd3 20. Nxd3 cxd3 21. axb5 Rxb5 22. Rxa5 Rbb8 23. Nd6 Rd7 24. Rda1 Bb7 25. Qxd3 Nb4 26. Qd2 Nd5 27. Ra7 Qd8 28. b4 Qb6 29. Bxd5 cxd5 30. R7a5 Qc7 31. Rc1 Qd8 32. Rac5 h6 33. Qc3 Ba6 34. b5 Bb7 35. Rc7 Kf8 36. Rxd7 Qxd7 37. Qc7 1-0

[Event "45th FIDE Womens Olympiad 2024"]
[Site "Budapest"]
[Date "2024.09.13"]
[Round "3.168"]
[White "Hasnaoui, Abrar"]
[Black "Petricenco, Ana"]
[Result "0-1"]
[ECO "B23"]
[WhiteElo "1595"]
[BlackElo "1894"]
[Annotator "NA RC"]
[PlyCount "80"]
[EventDate "2024.09.05"]
[EventType "team-tourn"]
[EventCountry "HUN"]
[SourceTitle "playchess.com"]
[Source "ChessBase"]
[SourceQuality "1"]
[WhiteTeam "Tunisia"]
[BlackTeam "Moldova"]
[WhiteTeamCountry "TUN"]
[BlackTeamCountry "MDA"]
[TimeControl "40/5400+30:1800+30"]

1. e4 c5 2. Nc3 d6 3. f4 g6 4. Bc4 Bg7 5. Nf3 e6 6. O-O Nc6 7. d3 Nge7 8. Qe1 O-O 9. f5 gxf5 10. Qg3 Kh8 11. Qh4 f6 12. Bh6 Ng6 13. Qh5 Nce7 14. Nh4 Nxh4 15. Qxh4 Ng6 16. Qh5 fxe4 17. dxe4 Ne5 18. Bd3 Bd7 19. Bb5 Bxb5 20. Nxb5 a6 21. Nc3 Qe7 22. Rf2 Bxh6 23. Qxh6 Ng4 24. Qf4 Nxf2 25. Qxf2 Rg8 26. Rf1 Raf8 27. Qh4 Qg7 28. g3 Qg5 29. Qh3 f5 30. exf5 Rxf5 31. Rxf5 Qxf5 32. Qg2 d5 33. Qe2 Rg5 34. Na4 Qe5 35. Qf2 Rf5 36. Qd2 Qf6 37. Qe2 Qd4+ 38. Kh1 Qxa4 39. Qxe6 Qe4+ 40. Qxe4 dxe4 0-1

[Event "45th FIDE Womens Olympiad 2024"]
[Site "Budapest"]
[Date "2024.09.13"]
[Round "3.169"]
[White "Wilson, Hannah"]
[Black "Noshin, Anjum"]
[Result "0-1"]
[ECO "C56"]
[WhiteElo "1888"]
[BlackElo "2085"]
[Annotator "NA RC"]
[PlyCount "76"]
[EventDate "2024.09.05"]
[EventType "team-tourn"]
[EventCountry "HUN"]
[SourceTitle "playchess.com"]
[Source "ChessBase"]
[SourceQuality "1"]
[WhiteTeam "Barbados"]
[BlackTeam "Bangladesh"]
[WhiteTeamCountry "BAR"]
[BlackTeamCountry "BAN"]
[TimeControl "40/5400+30:1800+30"]

1. e4 e5 2. Nf3 Nc6 3. d4 exd4 4. Bc4 Nf6 5. e5 d5 6. Bb5 Nd7 7. Bxc6 bxc6 8. Nxd4 Nxe5 9. Bf4 Qf6 10. Bg3 Ba6 11. f4 Nd3+ 12. cxd3 Qxd4 13. Qe2+ Be7 14. Nc3 Qxd3 15. Qxd3 Bxd3 16. O-O-O Bf5 17. Rhe1 f6 18. Bf2 Kf7 19. h3 h5 20. Ne2 Be4 21. g3 Bb4 22. Nc3 Bxc3 23. bxc3 Rhb8 24. a4 Rb1+ 25. Kd2 Rb2+ 26. Ke3 Re8 27. Bg1 Bc2+ 28. Kf3 Bxd1+ 29. Rxd1 Rc2 30. Rd3 a5 31. Be3 Ra2 32. Rd4 Ra3 33. Bd2 Rd8 34. f5 c5 35. Rh4 d4 36. Ke2 dxc3 37. Be3 c2 38. Rc4 Re8 0-1

[Event "45th FIDE Womens Olympiad 2024"]
[Site "Budapest"]
[Date "2024.09.13"]
[Round "3.170"]
[White "Nusrat Jahan, Alo"]
[Black "Blackman, Katrina"]
[Result "1/2-1/2"]
[ECO "C02"]
[WhiteElo "2033"]
[BlackElo "1814"]
[Annotator "NA RC"]
[PlyCount "89"]
[EventDate "2024.09.05"]
[EventType "team-tourn"]
[EventCountry "HUN"]
[SourceTitle "playchess.com"]
[Source "ChessBase"]
[SourceQuality "1"]
[WhiteTeam "Bangladesh"]
[BlackTeam "Barbados"]
[WhiteTeamCountry "BAN"]
[BlackTeamCountry "BAR"]
[TimeControl "40/5400+30:1800+30"]

1. e4 e6 2. d4 d5 3. e5 c5 4. c3 Nc6 5. Nf3 Bd7 6. Be2 Qb6 7. a3 Rc8 8. b4 cxd4 9. cxd4 Nge7 10. Bb2 Nf5 11. O-O Be7 12. Qd3 O-O 13. Nbd2 f6 14. Nb3 fxe5 15. Nxe5 Nxe5 16. dxe5 a6 17. Rac1 Rxc1 18. Rxc1 Bg5 19. Rc2 Bb5 20. Qc3 Ne3 21. Bxb5 Nxc2 22. Qxc2 Qxb5 23. Nd4 Qd7 24. g3 Bd8 25. Qc5 Re8 26. f4 Qe7 27. f5 Qxc5 28. bxc5 exf5 29. Nxf5 Re6 30. Nd6 b6 31. c6 Bc7 32. Nc8 Kf8 33. Nd6 g6 34. a4 Bxd6 35. exd6 Ke8 36. Ba3 d4 37. a5 bxa5 38. Bc5 Re1+ 39. Kf2 Rb1 40. Bxd4 Rd1 41. d7+ Kd8 42. Bb6+ Ke7 43. Bxa5 Rd5 44. Bb6 a5 45. Ke3 1/2-1/2

[Event "45th FIDE Womens Olympiad 2024"]
[Site "Budapest"]
[Date "2024.09.13"]
[Round "3.171"]
[White "Reifer-Belle, Chanon"]
[Black "Wadifa, Ahmed"]
[Result "0-1"]
[ECO "B22"]
[WhiteElo "1736"]
[BlackElo "1988"]
[Annotator "NA RC"]
[PlyCount "74"]
[EventDate "2024.09.05"]
[EventType "team-tourn"]
[EventCountry "HUN"]
[SourceTitle "playchess.com"]
[Source "ChessBase"]
[SourceQuality "1"]
[WhiteTeam "Barbados"]
[BlackTeam "Bangladesh"]
[WhiteTeamCountry "BAR"]
[BlackTeamCountry "BAN"]
[TimeControl "40/5400+30:1800+30"]

1. e4 c5 2. c3 Nf6 3. e5 Nd5 4. d4 cxd4 5. Nf3 e6 6. cxd4 d6 7. Be2 dxe5 8. Nxe5 Bb4+ 9. Bd2 Bxd2+ 10. Qxd2 O-O 11. O-O Nd7 12. Nc3 Nxc3 13. Qxc3 Nf6 14. Rfd1 Nd5 15. Qb3 b6 16. Rac1 Bb7 17. Bb5 Qg5 18. Bc6 Bxc6 19. Rxc6 Rac8 20. Qb5 Nf4 21. g3 Rxc6 22. Qxc6 Ne2+ 23. Kf1 Nxd4 24. Nxf7 Qf6 25. Qe4 Nf5 26. Rd8 Qxf7 27. Rxf8+ Qxf8 28. Qxe6+ Kh8 29. Qd7 h5 30. Qxa7 Qd8 31. Qf7 Qd3+ 32. Kg2 Qe4+ 33. Kg1 h4 34. Qh5+ Kg8 35. Kf1 Nd4 36. Kg1 Nf3+ 37. Kg2 h3+ 0-1

[Event "45th FIDE Womens Olympiad 2024"]
[Site "Budapest"]
[Date "2024.09.13"]
[Round "3.172"]
[White "Hamid, Rani"]
[Black "Springer, Leshay"]
[Result "1-0"]
[ECO "B73"]
[WhiteElo "1900"]
[BlackElo "1425"]
[Annotator "NA RC"]
[PlyCount "79"]
[EventDate "2024.09.05"]
[EventType "team-tourn"]
[EventCountry "HUN"]
[SourceTitle "playchess.com"]
[Source "ChessBase"]
[SourceQuality "1"]
[WhiteTeam "Bangladesh"]
[BlackTeam "Barbados"]
[WhiteTeamCountry "BAN"]
[BlackTeamCountry "BAR"]
[TimeControl "40/5400+30:1800+30"]

1. e4 c5 2. Nf3 d6 3. d4 Nf6 4. Nc3 cxd4 5. Nxd4 g6 6. Be2 Bg7 7. Be3 O-O 8. O-O Nc6 9. Kh1 d5 10. Nxc6 bxc6 11. e5 Nd7 12. f4 Nb6 13. a4 a5 14. Qd4 Rb8 15. Qd2 Qc7 16. Bc5 Rd8 17. Nd1 Bf5 18. Ne3 Nc4 19. Bxc4 dxc4 20. Qc3 Be6 21. Rad1 f6 22. Nxc4 Bxc4 23. Qxc4+ Kh8 24. exf6 exf6 25. b3 Bh6 26. Bd4 Rf8 27. Qe6 Bg7 28. Bc5 Rfe8 29. Qc4 Bf8 30. Bxf8 Rxf8 31. Qe6 Rbe8 32. Qh3 Kg7 33. Rd7+ Qxd7 34. Qxd7+ Kh8 35. Qxc6 Re7 36. Qd6 Rfe8 37. Qxf6+ Kg8 38. g3 Re2 39. Qc6 Rd8 40. Qc4+ 1-0

[Event "45th FIDE Womens Olympiad 2024"]
[Site "Budapest"]
[Date "2024.09.13"]
[Round "3.173"]
[White "Silva, Mariana"]
[Black "Aliu, Arlinda"]
[Result "1-0"]
[ECO "E65"]
[WhiteElo "2005"]
[BlackElo "1780"]
[Annotator "NA RC"]
[PlyCount "61"]
[EventDate "2024.09.05"]
[EventType "team-tourn"]
[EventCountry "HUN"]
[SourceTitle "playchess.com"]
[Source "ChessBase"]
[SourceQuality "1"]
[WhiteTeam "Portugal"]
[BlackTeam "Kosovo"]
[WhiteTeamCountry "POR"]
[BlackTeamCountry "KOS"]
[TimeControl "40/5400+30:1800+30"]

1. d4 Nf6 2. c4 g6 3. Nc3 Bg7 4. Nf3 d6 5. g3 O-O 6. Bg2 c5 7. O-O Nc6 8. dxc5 dxc5 9. Bf4 Nh5 10. Be3 b6 11. Qc1 Be6 12. Ng5 Qc8 13. Nxe6 Qxe6 14. Bd5 Qc8 15. Rd1 Nf6 16. Bg2 Rb8 17. Bf4 e5 18. Bg5 Qe6 19. Bxf6 Bxf6 20. e3 Rbd8 21. Nd5 Bg5 22. Qc3 e4 23. h4 Be7 24. Nf4 Rxd1+ 25. Rxd1 Qe5 26. Qxe5 Nxe5 27. Bxe4 Nxc4 28. Rd7 Bd8 29. b3 Ne5 30. Rxa7 Kg7 31. Ne6+ 1-0

[Event "45th FIDE Womens Olympiad 2024"]
[Site "Budapest"]
[Date "2024.09.13"]
[Round "3.174"]
[White "Recica, Jona"]
[Black "Silva, Ana Ines Teixeira Da"]
[Result "1/2-1/2"]
[ECO "C56"]
[WhiteElo "1791"]
[BlackElo "1925"]
[Annotator "NA RC"]
[PlyCount "96"]
[EventDate "2024.09.05"]
[EventType "team-tourn"]
[EventCountry "HUN"]
[SourceTitle "playchess.com"]
[Source "ChessBase"]
[SourceQuality "1"]
[WhiteTeam "Kosovo"]
[BlackTeam "Portugal"]
[WhiteTeamCountry "KOS"]
[BlackTeamCountry "POR"]
[TimeControl "40/5400+30:1800+30"]

1. e4 e5 2. Nf3 Nc6 3. d4 exd4 4. Bc4 Nf6 5. Ng5 d5 6. exd5 Qe7+ 7. Kf1 Ne5 8. Qxd4 Nxc4 9. Qxc4 h6 10. Nf3 Bg4 11. Qb5+ Qd7 12. Qxd7+ Nxd7 13. c4 O-O-O 14. Be3 Bxf3 15. gxf3 Ne5 16. Nd2 Bb4 17. Bd4 Rhe8 18. Bxe5 Rxe5 19. Ne4 f5 20. Ng3 c6 21. f4 Re7 22. Rd1 g6 23. a3 Bd6 24. Ne2 Re4 25. Rd4 Rde8 26. dxc6 Rxd4 27. cxb7+ Kxb7 28. Nxd4 Re4 29. Nb5 Bxf4 30. b3 Be5 31. a4 a6 32. Na3 Rd4 33. Ke2 Re4+ 34. Kd1 Rf4 35. Ke2 Rh4 36. h3 g5 37. Kf3 Rd4 38. Ke3 Re4+ 39. Kf3 Rf4+ 40. Kg2 Rd4 41. Re1 Bd6 42. Nc2 Rd2 43. Re6 Bc5 44. Ne3 f4 45. Ng4 h5 46. Nf6 Rxf2+ 47. Kh1 Rf1+ 48. Kh2 Rf2+ 1/2-1/2

[Event "45th FIDE Womens Olympiad 2024"]
[Site "Budapest"]
[Date "2024.09.13"]
[Round "3.175"]
[White "Duque, Raquel Dos Santos"]
[Black "Saraci, Rinesa"]
[Result "0-1"]
[ECO "E06"]
[WhiteElo "1913"]
[BlackElo "1757"]
[Annotator "NA RC"]
[PlyCount "90"]
[EventDate "2024.09.05"]
[EventType "team-tourn"]
[EventCountry "HUN"]
[SourceTitle "playchess.com"]
[Source "ChessBase"]
[SourceQuality "1"]
[WhiteTeam "Portugal"]
[BlackTeam "Kosovo"]
[WhiteTeamCountry "POR"]
[BlackTeamCountry "KOS"]
[TimeControl "40/5400+30:1800+30"]

1. d4 Nf6 2. Nf3 e6 3. g3 d5 4. Bg2 c5 5. O-O Be7 6. dxc5 Bxc5 7. c4 O-O 8. Qc2 Qb6 9. Nc3 Be7 10. Be3 Qa5 11. cxd5 Nxd5 12. Nxd5 exd5 13. Nd4 Be6 14. Rfd1 Rc8 15. Qb3 Nc6 16. Qb4 b6 17. Qxb6 Qb4 18. Qa6 Nxd4 19. Bxd4 Rc4 20. Bc3 Qc5 21. a3 Rd8 22. Bb4 Qc7 23. Ba5 Rd6 24. Qb5 Qd7 25. Qb3 Rdc6 26. Qd3 Ra4 27. b4 Bf6 28. Rab1 Rc3 29. Qd2 Rcxa3 30. Rbc1 Ra2 31. Qf4 h6 32. Be4 Qb5 33. Rc5 Qe8 34. Bd3 Ra1 35. Rxa1 Rxa1+ 36. Kg2 Bg5 37. Qc7 Bg4 38. f3 Be6 39. f4 Bf6 40. Rb5 Bd4 41. e3 Ra2+ 42. Kf3 h5 43. Bc2 Bg4+ 44. Kg2 Qe4+ 45. Kf1 Ra1+ 0-1

[Event "45th FIDE Womens Olympiad 2024"]
[Site "Budapest"]
[Date "2024.09.13"]
[Round "3.176"]
[White "Saraci, Ndriqona"]
[Black "Avelino, Camila Biscaya"]
[Result "0-1"]
[ECO "B57"]
[WhiteElo "1656"]
[BlackElo "1843"]
[Annotator "NA RC"]
[PlyCount "74"]
[EventDate "2024.09.05"]
[EventType "team-tourn"]
[EventCountry "HUN"]
[SourceTitle "playchess.com"]
[Source "ChessBase"]
[SourceQuality "1"]
[WhiteTeam "Kosovo"]
[BlackTeam "Portugal"]
[WhiteTeamCountry "KOS"]
[BlackTeamCountry "POR"]
[TimeControl "40/5400+30:1800+30"]

1. e4 c5 2. Nf3 d6 3. d4 cxd4 4. Nxd4 Nf6 5. Nc3 Nc6 6. Bc4 Qb6 7. Nf3 g6 8. Be3 Qxb2 9. Nd5 Nxd5 10. Bxd5 Bg7 11. Bxc6+ bxc6 12. Bd4 Bxd4 13. Qxd4 Qxd4 14. Nxd4 c5 15. Nb5 Kd7 16. Rd1 Ba6 17. a4 Bxb5 18. axb5 Rhb8 19. c4 a6 20. bxa6 Rxa6 21. Ke2 Rb2+ 22. Rd2 Rxd2+ 23. Kxd2 Ra2+ 24. Ke3 Rc2 25. f3 Rxc4 26. Kd3 Ra4 27. h4 Ke6 28. f4 f5 29. exf5+ Kxf5 30. h5 Rxf4 31. hxg6 hxg6 32. Rh7 Kf6 33. Rh8 Rg4 34. Rf8+ Ke5 35. Rf2 Kd5 36. Re2 e5 37. Kc3 c4 0-1

[Event "45th FIDE Womens Olympiad 2024"]
[Site "Budapest"]
[Date "2024.09.13"]
[Round "3.177"]
[White "Strade, Arita"]
[Black "Perez Rodriguez, Jennifer"]
[Result "0-1"]
[ECO "C36"]
[WhiteElo "1946"]
[BlackElo "2224"]
[Annotator "RC"]
[PlyCount "60"]
[EventDate "2024.09.05"]
[EventType "team-tourn"]
[EventCountry "HUN"]
[SourceTitle "playchess.com"]
[Source "ChessBase"]
[SourceQuality "1"]
[WhiteTeam "Guernsey"]
[BlackTeam "Paraguay"]
[WhiteTeamCountry "GCI"]
[BlackTeamCountry "PAR"]
[TimeControl "40/5400+30:1800+30"]

1. e4 e5 2. f4 d5 3. exd5 exf4 4. Nf3 Nf6 5. c4 Bd6 6. Be2 O-O 7. O-O Re8 8. Nc3 h6 9. Nb5 Bf8 10. d4 g5 11. Ne5 c6 12. dxc6 bxc6 13. Nc3 Qc7 14. Bf3 Bb7 15. Nd3 Nbd7 16. Bd2 Rad8 17. Qc2 Nb6 18. Ne2 Bc8 19. Ne5 c5 20. Nc6 cxd4 21. Nxd8 Rxd8 22. Qd3 Qxc4 23. Be4 Nxe4 24. Qxe4 d3 25. Nc3 Qc5+ 26. Kh1 Nc4 27. Qe1 Bb7 28. b3 Ne3 29. Bxe3 fxe3 30. Nd1 e2 0-1

[Event "45th FIDE Womens Olympiad 2024"]
[Site "Budapest"]
[Date "2024.09.13"]
[Round "3.178"]
[White "Vargas, Gabriela"]
[Black "Nevska, Gerda"]
[Result "1-0"]
[ECO "A40"]
[WhiteElo "2109"]
[BlackElo "1892"]
[Annotator "NA RC"]
[PlyCount "63"]
[EventDate "2024.09.05"]
[EventType "team-tourn"]
[EventCountry "HUN"]
[SourceTitle "playchess.com"]
[Source "ChessBase"]
[SourceQuality "1"]
[WhiteTeam "Paraguay"]
[BlackTeam "Guernsey"]
[WhiteTeamCountry "PAR"]
[BlackTeamCountry "GCI"]
[TimeControl "40/5400+30:1800+30"]

1. d4 e5 2. dxe5 d6 3. Nf3 Nc6 4. Bf4 Bg4 5. Nc3 Bxf3 6. exf3 dxe5 7. Qxd8+ Rxd8 8. Bd2 Bc5 9. Ne4 Bb6 10. Bd3 Nge7 11. a3 a6 12. O-O O-O 13. Rad1 h6 14. Be3 Nd4 15. c3 f5 16. Bc4+ Kh8 17. cxd4 exd4 18. Bg5 hxg5 19. Nxg5 Rd7 20. Be6 Rdd8 21. Nf7+ Rxf7 22. Bxf7 Nd5 23. Rfe1 Kh7 24. Re5 c6 25. Bxd5 cxd5 26. Kf1 Rc8 27. Ke2 Rc2+ 28. Rd2 Rc6 29. Kd3 Kg6 30. Rxd5 a5 31. Re2 Bc5 32. Rc2 1-0

[Event "45th FIDE Womens Olympiad 2024"]
[Site "Budapest"]
[Date "2024.09.13"]
[Round "3.179"]
[White "Denning, Julie L"]
[Black "Oviedo Acosta, Paula"]
[Result "0-1"]
[ECO "B22"]
[WhiteElo "1741"]
[BlackElo "1790"]
[Annotator "NA"]
[PlyCount "68"]
[EventDate "2024.09.05"]
[EventType "team-tourn"]
[EventCountry "HUN"]
[SourceTitle "playchess.com"]
[Source "ChessBase"]
[SourceQuality "1"]
[WhiteTeam "Guernsey"]
[BlackTeam "Paraguay"]
[WhiteTeamCountry "GCI"]
[BlackTeamCountry "PAR"]
[TimeControl "40/5400+30:1800+30"]

1. e4 c5 2. c3 a6 3. d4 cxd4 4. cxd4 d5 5. e5 Nc6 6. f4 Qb6 7. Nc3 e6 8. Nf3 Nge7 9. g4 h5 10. g5 Nf5 11. Na4 Bb4+ 12. Kf2 Qa7 13. Be3 Bd7 14. Nc5 Bxc5 15. dxc5 Nxe3 16. Kxe3 Qxc5+ 17. Nd4 g6 18. Rc1 Qb6 19. b3 Ke7 20. Be2 Rac8 21. Qd2 Rc7 22. Rhd1 Rhc8 23. Rb1 Nxd4 24. Qxd4 Rc3+ 25. Bd3 Qa5 26. Ra1 Bb5 27. Kf2 Rxd3 28. Rxd3 Rc2+ 29. Kg3 Bxd3 30. Kh4 Qd2 31. Rh1 Qg2 32. Qb4+ Ke8 33. Qa4+ b5 34. Qxa6 Qg4# 0-1

[Event "45th FIDE Womens Olympiad 2024"]
[Site "Budapest"]
[Date "2024.09.13"]
[Round "3.181"]
[White "Shuqja, Klean"]
[Black "Kaslan, Catherine"]
[Result "1-0"]
[ECO "B51"]
[WhiteElo "2042"]
[BlackElo "1902"]
[Annotator "NA RC"]
[PlyCount "101"]
[EventDate "2024.09.05"]
[EventType "team-tourn"]
[EventCountry "HUN"]
[SourceTitle "playchess.com"]
[Source "ChessBase"]
[SourceQuality "1"]
[WhiteTeam "Albania"]
[BlackTeam "Suriname"]
[WhiteTeamCountry "ALB"]
[BlackTeamCountry "SUR"]
[TimeControl "40/5400+30:1800+30"]

1. e4 c5 2. Nf3 d6 3. Bb5+ Nd7 4. d4 cxd4 5. Qxd4 a6 6. Bxd7+ Bxd7 7. Bg5 Qc7 8. Nc3 e6 9. O-O-O Rc8 10. Rhe1 Qc5 11. Qd2 b5 12. Be3 Qc4 13. Ne5 Qc7 14. Nxd7 Qxd7 15. Bf4 Rc6 16. Re3 f6 17. Rd3 e5 18. Be3 Nh6 19. Bxh6 gxh6 20. Nd5 Qe6 21. Rc3 Rxc3 22. Qxc3 Kf7 23. Qc7+ Be7 24. Nxe7 Qxe7 25. Qxd6 Rc8 26. Qxe7+ Kxe7 27. Rd3 Rc4 28. f3 Ra4 29. Kb1 Rc4 30. b3 Rc8 31. c3 Ke6 32. Kb2 Rg8 33. g3 Rc8 34. b4 Ke7 35. Kb3 Ke6 36. a4 f5 37. exf5+ Kxf5 38. axb5 axb5 39. Rd5 Rb8 40. f4 Kg4 41. Rxe5 h5 42. Rg5+ Kf3 43. Rxh5 Rb7 44. f5 Kg4 45. Rh4+ Kxf5 46. c4 bxc4+ 47. Kxc4 Ke5 48. Kc5 Rc7+ 49. Kb6 Rd7 50. b5 Rd6+ 51. Kc7 1-0

[Event "45th FIDE Womens Olympiad 2024"]
[Site "Budapest"]
[Date "2024.09.13"]
[Round "3.182"]
[White "Kaslan, Victoria"]
[Black "Geske, Bruna"]
[Result "0-1"]
[ECO "B33"]
[WhiteElo "1726"]
[BlackElo "2023"]
[Annotator "NA RC"]
[PlyCount "76"]
[EventDate "2024.09.05"]
[EventType "team-tourn"]
[EventCountry "HUN"]
[SourceTitle "playchess.com"]
[Source "ChessBase"]
[SourceQuality "1"]
[WhiteTeam "Suriname"]
[BlackTeam "Albania"]
[WhiteTeamCountry "SUR"]
[BlackTeamCountry "ALB"]
[TimeControl "40/5400+30:1800+30"]

1. e4 c5 2. Nf3 Nc6 3. d4 cxd4 4. Nxd4 Nf6 5. Nc3 e5 6. Ndb5 d6 7. Nd5 Nxd5 8. exd5 Nb8 9. a4 Be7 10. b4 O-O 11. a5 Bd7 12. Be3 Bxb5 13. Bxb5 f5 14. O-O a6 15. Bb6 Qc8 16. Be2 Nd7 17. Be3 f4 18. Bd2 b5 19. Rc1 Qb7 20. c4 Nf6 21. Qb3 Ne4 22. Be1 bxc4 23. Bxc4 f3 24. gxf3 Ng5 25. Be2 Nh3+ 26. Kh1 Nf4 27. Bc4 Rf6 28. Rg1 Raf8 29. b5 Rh6 30. Bf1 Bd8 31. Rc6 Qf7 32. Rg3 Bh4 33. Rg4 Qh5 34. Qe3 Bg3 35. h4 Bxh4 36. Kg1 Bg3 37. Bg2 Qh2+ 38. Kf1 Qxg2# 0-1

[Event "45th FIDE Womens Olympiad 2024"]
[Site "Budapest"]
[Date "2024.09.13"]
[Round "3.183"]
[White "Caku, Kler"]
[Black "Kaslan, Alexandra"]
[Result "1-0"]
[ECO "C06"]
[WhiteElo "1859"]
[BlackElo "1675"]
[Annotator "NA RC"]
[PlyCount "71"]
[EventDate "2024.09.05"]
[EventType "team-tourn"]
[EventCountry "HUN"]
[SourceTitle "playchess.com"]
[Source "ChessBase"]
[SourceQuality "1"]
[WhiteTeam "Albania"]
[BlackTeam "Suriname"]
[WhiteTeamCountry "ALB"]
[BlackTeamCountry "SUR"]
[TimeControl "40/5400+30:1800+30"]

1. e4 e6 2. d4 d5 3. Nd2 Nf6 4. e5 Nfd7 5. Bd3 c5 6. c3 Nc6 7. Ne2 Qb6 8. Nf3 Be7 9. O-O h6 10. Re1 O-O 11. Bb1 f5 12. exf6 Nxf6 13. Nf4 cxd4 14. cxd4 Bb4 15. Re2 Ne7 16. Qb3 Qd6 17. Ne5 Nf5 18. Bxf5 exf5 19. Nfg6 Re8 20. a3 Ba5 21. Bf4 Qb6 22. Qd3 Qa6 23. Qf3 Ne4 24. Rc2 Be6 25. Qh3 Kh7 26. f3 Nf6 27. Qh4 Bb6 28. Rd1 Bd8 29. Qf2 Nh5 30. Be3 Bf6 31. g4 fxg4 32. fxg4 Bxg4 33. Nxg4 Kxg6 34. Qg2 Rad8 35. Ne5+ Kh7 36. Qg6+ 1-0